 Dungeon Crawl Stone Soup version 0.25-a0-661-g55ea3d2053 (webtiles) character file.

Game seed: 397145766373274903, levelgen mode: deterministic

2739 DasRunzen the Ducker (level 9, -3/73 (74) HPs)
             Began as a Demigod Gladiator on Mar 23, 2020.
             Slain by a worker ant (5 damage)
             ... on level 8 of the Dungeon.
             The game lasted 00:10:53 (6291 turns).

DasRunzen the Ducker (Demigod Gladiator)            Turns: 6291, Time: 00:10:54

HP:   -3/73 (74)    AC:  4    Str: 17    XL:     9   Next: 18%
MP:   19/19         EV: 15    Int: 18    God:
Gold: 381           SH:  5    Dex: 17    Spells: 17/17 levels left

rFire    + . .     SeeInvis .   s - +7 rapier "Dusaud" {vorpal, rPois rF+ rC+}
rCold    + . .     Gourm    .   y - +0 buckler
rNeg     . . .     Faith    .   b - +0 leather armour
rPois    +         Spirit   .   c - +0 helmet
rElec    .         Reflect  .   (no cloak)
rCorr    .         Harm     .   (no gloves)
MR       .....                  (no boots)
Stlth    +.........             (no amulet)
HPRegen  0.22/turn              k - +4 ring of slaying
MPRegen  0.16/turn              (no ring)

@: no status effects
A: high mp 1
a: no special abilities


You were on level 8 of the Dungeon.
You were not hungry.

You visited 1 branch of the dungeon, and saw 8 of its levels.

You collected 381 gold pieces.

Inventory:

Hand Weapons
 a - a +1 long sword of freezing
 p - a +0 long sword of holy wrath
 s - the +7 rapier "Dusaud" (weapon) {vorpal, rPois rF+ rC+}
   (You found it on level 4 of the Dungeon)

   It inflicts extra damage upon your enemies.
   It protects you from fire.
   It protects you from cold.
   It protects you from poison.
Missiles
 d - 3 throwing nets (quivered)
Armour
 b - a +0 leather armour (worn)
 c - a +0 helmet (worn)
 y - a +0 buckler (worn)
Jewellery
 k - a +4 ring of slaying (left hand)
Wands
 e - a wand of flame (10)
Scrolls
 g - 3 scrolls of teleportation
 n - 2 scrolls of fog
 r - a scroll of enchant weapon
 u - 2 scrolls of remove curse
 w - 2 scrolls of magic mapping
Potions
 h - 3 potions of haste
 i - 2 potions of curing
 j - 3 potions of heal wounds
 l - a potion of degeneration {unknown}
 m - a potion of mutation {unknown}
 o - a potion of resistance {unknown}
 q - 2 potions of berserk rage
 t - a potion of magic {unknown}
 v - 2 potions of cancellation {unknown}
 x - a potion of lignification {unknown}
Comestibles
 f - 8 rations


   Skills:
 + Level 5.4 Fighting
 + Level 3.9(4.8) Short Blades
 - Level 4.0(4.8) Long Blades
 - Level 1.7 Throwing
 + Level 4.9 Armour
 + Level 5.8 Dodging
 + Level 2.4 Shields
 + Level 4.5 Spellcasting


You had 17 spell levels left.
You didn't know any spells.
Your spell library contained the following spells:

 Spells                   Type           Power        Failure   Level  Hunger
 Animate Skeleton         Necr           N/A          21%         1    None
 Corona                   Hex            #......      21%         1    None
 Pain                     Necr           #...         21%         1    None
 Summon Small Mammal      Summ           #...         21%         1    None
 Call Imp                 Summ           #.......     30%         2    #......
 Slow                     Hex            #.......     30%         2    #......
 Call Canine Familiar     Summ           #.......     52%         3    ###....
 Inner Flame              Hex/Fire       #.......     52%         3    ###....
 Portal Projectile        Hex/Tloc       #.....       52%         3    ###....
 Summon Guardian Golem    Hex/Summ       #.......     52%         3    ###....
 Vampiric Draining        Necr           #.........   52%         3    ###....
 Animate Dead             Necr           N/A          90%         4    ####...
 Cause Fear               Hex            #.........   90%         4    ####...
 Leda's Liquefaction      Hex/Erth       #.........   90%         4    ####...
 Summon Ice Beast         Ice/Summ       #.......     90%         4    ####...
 Summon Lightning Spire   Summ/Air       #.......     90%         4    ####...
 Agony                    Necr           #.......     99%         5    ######.


Dungeon Overview and Level Annotations

Branches:
Dungeon (8/15)             Temple (0/1) D:5
   Lair: D:8-11


Innate Abilities, Weirdness & Mutations

You have an increased reservoir of magic. (+10% MP)


Message History

You start resting.
You hear the slow hiss of an avalanche of sand nearby.
Things that are here:
a +0 halberd; a gnoll skeleton A worker ant comes into view.
An electric eel comes into view.
The worker ant twitches its antennae in your direction.
The worker ant barely misses you.
The electric eel shoots out a bolt of lightning at you!
The bolt of electricity hits you.
* * * LOW HITPOINT WARNING * * *
You puncture the worker ant!
The worker ant is heavily wounded.
You block the worker ant's attack.
The electric eel shoots out a bolt of lightning at you!
The bolt of electricity hits you!
* * * LOW HITPOINT WARNING * * *
Unknown command.
The worker ant bites you.
You die...

#.# #.# #.# #.# #.#
#.### . #...# .#
#########<..#####.#
#...)...@a..#.....#
###.##.####......#####
#....)))..............
#.....)...............
#.....................
#...................≈≈
####################;≈
#


You could see a worker ant.

Vanquished Creatures
  Grinder (D:3)
  4 ice beasts
  2 sky beasts
  An orc warrior (D:7)
  A necrophage (D:7)
  3 ogres
  A big kobold (D:7)
  A gnoll sergeant (D:8)
  2 scorpions
  A water moccasin skeleton (D:6)
  5 killer bees (D:7)
  2 crimson imps (D:6)
  A quasit (D:5)
  A jelly (D:7)
  A bullfrog skeleton (D:5)
  4 hounds
  2 centaur skeletons
  2 orc priests
  An iron imp (D:5)
  4 iguanas
  6 orc wizards
  3 worker ants
  2 hound skeletons
  Robin (D:3)
  2 adders (D:2)
  12 gnolls
  An adder skeleton (D:5)
  2 worms
  A dart slug (D:1)
  6 leopard geckos
  14 orcs
  4 giant cockroaches
  17 goblins
  9 hobgoblins
  13 jackals
  11 kobolds
  A quokka (D:6)
  A ball python (D:5)
  17 bats
  8 frilled lizards
  3 goblin skeletons (D:5)
  2 goblin zombies (D:5)
  2 hobgoblin zombies (D:5)
  A kobold zombie (D:5)
  2 leopard gecko skeletons
  A leopard gecko zombie (D:6)
  An orc skeleton (D:5)
  An orc zombie (D:5)
  A quokka skeleton (D:6)
  A quokka zombie (D:5)
  8 rats
194 creatures vanquished.

Notes
Turn   | Place    | Note
-------+----------+-------------------------------------------
     0 | D:1      | DasRunzen the Demigod Gladiator began the quest for the
                  | Orb.
     0 | D:1      | Reached XP level 1. HP: 17/17 MP: 3/3
   239 | D:1      | Reached XP level 2. HP: 24/24 MP: 4/4
   844 | D:2      | Noticed an ice beast
   854 | D:2      | Killed an ice beast
   854 | D:2      | Reached skill level 1 in Armour
   854 | D:2      | Reached skill level 1 in Spellcasting
   854 | D:2      | Reached XP level 3. HP: 15/30 MP: 5/7
   854 | D:2      | Reached XP level 4. HP: 18/37 MP: 5/8
  1486 | D:2      | Reached XP level 5. HP: 41/42 MP: 10/10
  1762 | D:3      | Noticed Robin
  2012 | D:3      | Killed Robin
  2047 | D:3      | Noticed Grinder
  2054 | D:3      | Killed Grinder
  2054 | D:3      | Reached XP level 6. HP: 51/51 MP: 10/12
  2824 | D:4      | Got an iridescent rapier
  2825 | D:4      | Identified the +7 rapier "Dusaud" {vorpal, rPois rF+ rC+}
                  | (You found it on level 4 of the Dungeon)
  2941 | D:5      | Entered Level 5 of the Dungeon
  2942 | D:5      | Found a glowing golden altar of the Shining One.
  2997 | D:5      | Found a basalt altar of Yredelemnul.
  3006 | D:5      | Found a hazy altar of Hepliaklqana.
  3006 | D:5      | Found an opulent altar of Gozag.
  3006 | D:5      | Found a shadowy altar of Dithmenos.
  3017 | D:5      | Reached XP level 7. HP: 56/57 MP: 14/14
  3033 | D:5      | Reached skill level 1 in Short Blades
  3521 | D:5      | You fall into a shaft and drop 1 floor!
  3650 | D:5      | Found a staircase to the Ecumenical Temple.
  4119 | D:6      | Reached XP level 8. HP: 48/67 MP: 16/16
  4524 | D:6      | Reached skill level 5 in Dodging
  4982 | D:7      | Reached skill level 1 in Shields
  5537 | D:7      | Reached skill level 5 in Fighting
  5658 | D:7      | Reached XP level 9. HP: 64/74 MP: 19/19
  5918 | D:7      | Found a burning altar of Makhleb.
  6288 | D:8      | HP: 1/73 [electric eel/bolt of electricity (14)]
  6291 | D:8      | Slain by a worker ant

Levels and vault maps discovered:
D:1:      lightli_arrival_farm, layout_basic
D:2:      cheibrodos_helix_gallery, layout_loops_ring, first_ration
D:3:      layout_rooms, uniq_grinder, uniq_robin
D:4:      layout_basic
D:5:      layout_layer_cave, grunt_temple_overflow_open,
          minmay_temple_entry_drinking_statues, nicolae_tso_besieged_by_evil
D:6:      layout_basic
D:7:      layout_basic, grunt_decor_fettered, makhleb_blood_cavern_becter
D:8:      statuecave_lemuel, layout_rooms, minmay_overflow_temple_hex,
          enter_ossuary_1

Skill      XL: |  1  2  3  4  5  6  7  8 |
---------------+-------------------------+-----
Fighting       | 2 3 4 5 |  5.4
Long Blades    | 3 4 |  4.0
Armour         | 1 2 3 4 |  4.9
Dodging        | 3 4 5 |  5.8
Spellcasting   | 1 2 3 4 |  4.5
Short Blades   | 2 3 |  3.9
Shields        | 2 |  2.4
Throwing       | |  1.7

Action                   |  1- 3 |  4- 6 |  7- 9 || total
-------------------------+-------+-------+-------++-------
Melee: Long sword        |    57 |   161 |       ||   218
       Rapier            |       |    26 |   204 ||   230
  Use: Scroll            |     3 |     8 |     3 ||    14
       Potion            |     1 |       |       ||     1
 Stab: Sleeping          |     2 |       |     1 ||     3
  Eat: Chunk             |       |     7 |    11 ||    18
Armor: Leather armour    |    29 |    68 |    28 ||   125
Dodge: Dodged            |    54 |   188 |   131 ||   373
Block: Buckler           |       |       |    33 ||    33
       Rpst.: Long sword |    14 |    49 |       ||    63

Table legend:
 A = Non-vault XP
 B = Vault XP
 C = Vault XP percentage of total XP
 D = Non-vault monster count
 E = Vault monster count
 F = Vault count percentage of total count
                 A         B        C        D         E       F
            +---------+---------+-------+---------+---------+-------
      Total |    3422 |     492 |  12.6 |     167 |      27 |  13.9
            +---------+---------+-------+---------+---------+-------
        D:1 |      31 |       0 |   0.0 |      17 |       0 |   0.0
        D:2 |     221 |       8 |   3.5 |      36 |       4 |  10.0
        D:3 |     131 |     296 |  69.3 |      29 |      10 |  25.6
        D:4 |      63 |       0 |   0.0 |       8 |       0 |   0.0
        D:5 |     534 |      49 |   8.4 |      17 |      11 |  39.3
        D:6 |     777 |       0 |   0.0 |      26 |       0 |   0.0
        D:7 |    1519 |     139 |   8.4 |      29 |       2 |   6.5
        D:8 |     146 |       0 |   0.0 |       5 |       0 |   0.0
            +---------+---------+-------+---------+---------+-------
